[Event "121st Swiss Championship 2022"]
[Site "Samnaun-Compatsch"]
[Date "2022.07.06"]
[Round "4.9"]
[White "Schlegel, Igor"]
[Black "Perreard, Nicolas"]
[Result "1-0"]
[ECO "C42"]
[WhiteElo "2194"]
[BlackElo "2055"]
[Annotator "TA"]
[PlyCount "53"]
[EventDate "2022.06.28"]
[EventType "swiss"]
[EventCountry "SUI"]
[SourceTitle "playchess.com"]
[Source "ChessBase"]
[SourceQuality "1"]
[TimeControl "40/5400+30:1800+30"]

1. e4 e5 2. Nf3 Nf6 3. Nxe5 d6 4. Nf3 Nxe4 5. Nc3 Nxc3 6. dxc3 Be7 7. Be3 Nd7 8. Qd2 {[%emt 0:00:11] C42: Petroff Defence: 3 Nxe5 and unusual White 3rd moves.} O-O 9. O-O-O c6 10. Kb1 {[%emt 0:00:45] The position is equal.} d5 11. h4 $1 {[%emt 0:00:14] 11.h4 is better than 11.c4.} Nc5 {[%emt 0:00:59] [#]} 12. c4 $146 ({Predecessor:} 12. h5 Ne4 13. Qc1 Bg4 14. h6 g6 15. Bd3 Bxf3 16. gxf3 Nc5 17. Bf1 b5 18. f4 {0-1 (31) Ruiz Castillo,J (2367)-Saltos Velez,A (2099) Medellin 2017}) 12... Ne4 13. Qc1 Be6 14. cxd5 (14. Ng5 {looks sharper.} Qa5 15. Bd3 Bf6 16. cxd5 cxd5 17. Nxe6 fxe6 18. Bxe4 dxe4 19. c3) 14... cxd5 15. Nd4 Rc8 16. Bd3 {[%emt 0:07:17] Strongly threatening Bxe4.} Nc5 17. Be2 {[%emt 0:00:17] White is more active.} Qb6 18. Rhe1 ({But not} 18. Nxe6 Qxe6 19. c3 Bf6 $14) (18. Bf3 $16) 18... Bxh4 $11 19. Nxe6 fxe6 20. Bg4 {[%emt 0:00:09] g3 is the strong threat.} Rfe8 ({Black should try} 20... Bxf2 $11 21. Bxc5 Rxc5 22. Rxe6 Rc6) 21. Bd4 $1 $14 {[%emt 0:03:41] aiming for Rh1. This bishop pair is nice.} Bf6 22. Bxf6 gxf6 23. Qh6 Nd7 $2 {[%emt 0:02:06][%mdl 8192] [#] Black cannot hold the game after this.} ({Black should play} 23... Na4 $14 24. Qxf6 Nc3+ 25. Ka1 Nxd1 26. Bxe6+ (26. Qg5+ Kh8 $16) 26... Rxe6 27. Rxe6 Qxb2+ 28. Qxb2 Nxb2 29. Kxb2 Rc7) 24. Re3 $1 $18 {[%emt 0:12:37] White wants to mate with Rg3.} ({Not} 24. Rh1 Re7 $14) 24... Kh8 (24... Re7 $142 25. Bxe6+ Qxe6) 25. Rh1 {[%emt 0:00:38][%csl Gh1][%cal Rh6h7] White is clearly winning.} Re7 {[%emt 0:01:28] [#]} 26. Rxe6 $1 Qd8 (26... Qxe6 27. Bxe6) 27. Bf5 {[%emt 0:06:45] Weighted Error Value: White=0.07 (flawless) /Black=0.45} 1-0

[Event "121st Swiss Championship 2022"]
[Site "Samnaun-Compatsch"]
[Date "2022.07.06"]
[Round "4.10"]
[White "Gemelli, Romain"]
[Black "Ferster, Fabian"]
[Result "1-0"]
[ECO "E60"]
[WhiteElo "2045"]
[BlackElo "2173"]
[Annotator "TA"]
[PlyCount "67"]
[EventDate "2022.06.28"]
[EventType "swiss"]
[EventCountry "SUI"]
[SourceTitle "playchess.com"]
[Source "ChessBase"]
[SourceQuality "1"]
[TimeControl "40/5400+30:1800+30"]

1. d4 Nf6 2. c4 g6 3. h4 c5 4. d5 Bg7 5. Nc3 d6 6. e4 {[%emt 0:00:44] E60: King's Indian: Unusual lines and Fianchetto Variation without Nc3.} e6 7. Be2 exd5 8. exd5 {[%emt 0:00:09] The position is equal.} O-O 9. h5 Re8 10. h6 (10. hxg6 $11 fxg6 11. Nf3) 10... Bh8 $1 $15 11. Kf1 a6 12. Bg5 Nbd7 {[%emt 0:04:10][%cal Ob7b5] [#]} 13. g3 $146 ({Predecessor:} 13. Nf3 b5 14. cxb5 axb5 15. Bxb5 Ba6 16. Bxa6 Rxa6 17. g3 Qb8 18. Rb1 Ne4 19. Nxe4 Rxe4 {1-0 (36) Dardha,D (2541)-Piceu,T (2336) Cappelle la Grande 2022}) 13... b5 14. cxb5 Qb6 {[%emt 0:00:47] White must now prevent ...axb5.} 15. f3 $2 {[%emt 0:02:08] [#]} (15. Bxf6 $11 Nxf6 16. Rh4) 15... axb5 $1 $19 16. Bxb5 Ba6 $2 (16... Nh5 $19 {Strongly threatening ...Bxc3.} 17. a4 (17. Rxh5 $2 Bxc3 18. Qd3 Bd4 $19) 17... Bxc3 18. bxc3 Nxg3+ 19. Kg2 Nxh1) 17. a4 $15 Bxb5+ 18. axb5 Rxa1 19. Qxa1 Qb7 (19... Nh5 20. Kg2 $14) 20. Nge2 Nxd5 21. Kf2 $2 (21. Qa6 $15 Qxa6 22. bxa6 Nxc3 23. bxc3 (23. Nxc3 Ra8 $17)) 21... Ne5 $2 (21... Nxc3 $19 {is more deadly.} 22. Nxc3 Bd4+ 23. Kg2 Bxc3) 22. Qd1 (22. Qa6 $17 {was the only chance.} Nd3+ 23. Kg2 Qxa6 24. bxa6 Nxc3 25. Nxc3 Bxc3 26. bxc3 Re2+ 27. Kf1 Re1+ 28. Kg2 Re2+ 29. Kf1 Rf2+ 30. Kg1) 22... Nb4 (22... Ne3 23. Kxe3 Qxf3+ 24. Kd2 $17) (22... Nc7 $19 23. Nc1 Nxb5) 23. Nc1 $17 c4 (23... d5 $17 {aiming for ...c4.} 24. Re1 d4) 24. Re1 $1 $15 (24. Kg2 Ned3 25. Qd2 (25. Nxd3 Nxd3 26. Qd2 Bd4 $19) 25... d5 $19) 24... Qd7 ({Better is} 24... d5 $15 25. Kg2 Ra8) 25. Kg2 $11 Ned3 $2 (25... Ra8 $11 {and Black is okay.}) 26. Nxd3 (26. Rxe8+ $18 Qxe8 27. b6) 26... Nxd3 (26... cxd3 $16 {was worth a try.} 27. b6 (27. Rxe8+ Qxe8 28. b6 Nc2 $16) 27... Nc2 28. Rxe8+ Qxe8) 27. Rxe8+ $18 Qxe8 28. Ne4 (28. b6 $18) 28... Qe5 $2 ({Resist} 28... Bxb2 29. b6 Qc6 30. Qe2 $16) (28... Qxb5 $15 {keeps the upper hand.} 29. Nf6+ Bxf6 30. Bxf6 Qc5) 29. Qa4 {[%emt 0:00:39] Threatening mate with Qa8+.} ({Not} 29. Qa1 Qxb2+ 30. Qxb2 Bxb2 $18) 29... Qxb2+ 30. Kh3 (30. Nd2 $142 Qa1 31. Qxc4) 30... f6 $2 {[%emt 0:00:15] [#]} (30... Qa1 $18 31. Qxa1 Bxa1) 31. Qa8+ {[%emt 0:01:45][%mdl 64] Skewer, Deflection. White mates.} Kf7 32. Qxh8 fxg5 33. Qxb2 Nxb2 34. b6 {[%emt 0:00:05] Weighted Error Value: White=0.59/Black=0.93} 1-0

[Event "121st Swiss Championship 2022"]
[Site "Samnaun-Compatsch"]
[Date "2022.07.06"]
[Round "4.11"]
[White "Salzgeber, Frank"]
[Black "Labelle, Ambroise"]
[Result "1/2-1/2"]
[ECO "E51"]
[WhiteElo "2131"]
[BlackElo "2045"]
[Annotator "TA"]
[PlyCount "38"]
[EventDate "2022.06.28"]
[EventType "swiss"]
[EventCountry "SUI"]
[SourceTitle "playchess.com"]
[Source "ChessBase"]
[SourceQuality "1"]
[TimeControl "40/5400+30:1800+30"]

1. d4 e6 2. c4 Nf6 3. Nf3 d5 4. Nc3 Bb4 5. e3 O-O 6. Bd2 c5 7. a3 Bxc3 8. Bxc3 Ne4 9. Rc1 Nxc3 10. Rxc3 cxd4 11. Nxd4 $1 {[%emt 0:01:54] 11.Nxd4 is better than 11.Qxd4.} dxc4 {[%emt 0:09:10] E51: Nimzo-Indian: Rubinstein: 4...0-0 5 Nf3 d5.} 12. Bxc4 Bd7 13. O-O Nc6 {[%emt 0:00:21] White has an edge.} 14. Nf3 {[%emt 0:09:52] [#] And now Rd3 would win.} Qe7 15. Qc2 Rfd8 16. Rc1 Be8 {[%emt 0:03:46] [#]} 17. b4 $146 ({Predecessor:} 17. h3 h6 18. b4 a6 19. Ba2 Qd6 20. Bb1 g6 21. h4 Ne5 22. Qe4 Nxf3+ 23. Qxf3 {½-½ (55) Adhiban,B (2639)-Yu,Y (2763) Khanty-Mansiysk 2019}) 17... a6 18. h3 Rd6 19. Rd1 Nb8 $2 {[%emt 0:01:41] Weighted Error Value: White=0.05 (flawless) /Black=0.02 (flawless)} (19... h6 $11 {and Black stays safe.}) 1/2-1/2

[Event "121st Swiss Championship 2022"]
[Site "Samnaun-Compatsch"]
[Date "2022.07.07"]
[Round "5.1"]
[White "Gallagher, Joseph G."]
[Black "Baenziger, Fabian"]
[Result "1/2-1/2"]
[ECO "C47"]
[WhiteElo "2447"]
[BlackElo "2451"]
[Annotator "TA"]
[PlyCount "46"]
[EventDate "2022.06.28"]
[EventType "swiss"]
[EventCountry "SUI"]
[SourceTitle "playchess.com"]
[Source "ChessBase"]
[SourceQuality "1"]
[TimeControl "40/5400+30:1800+30"]

1. e4 e5 2. Nf3 Nc6 3. Nc3 Nf6 4. d4 exd4 5. Nxd4 Bb4 6. Nxc6 bxc6 7. Bd3 d5 8. exd5 O-O {[%emt 0:00:09] seems to push 8...cxd5 aside.} 9. O-O cxd5 10. h3 {[%emt 0:04:30] Prevents Bg4. C47: Scotch Four Knights and Four Knights with 4 g3.} c6 11. Qf3 Bd6 12. Bf4 Rb8 13. b3 Be6 14. Ne2 c5 15. c3 Re8 {[%emt 0:02:53] The position is equal.} 16. Rfe1 Rb6 17. Rad1 h6 {[%emt 0:02:48] [#]} 18. Bc2 $146 ({Predecessor:} 18. g4 Nd7 19. Qg3 Qb8 20. Bxd6 Qxd6 21. Nf4 Ne5 22. Be4 d4 23. cxd4 cxd4 {0-1 (53) Vardanian,H (2109)-Mazur,S (2439) Batumi 2018}) 18... Bc8 19. Bxd6 Rxd6 20. Nf4 {[%emt 0:01:09] Prevents Rde6.} Bb7 21. Rxe8+ Qxe8 22. b4 cxb4 23. cxb4 Qc8 {[%emt 0:00:06] An interesting draw.  Weighted Error Value: White=0.05 (flawless) /Black=0.04 (flawless)} 1/2-1/2

[Event "121st Swiss Championship 2022"]
[Site "Samnaun-Compatsch"]
[Date "2022.07.07"]
[Round "5.2"]
[White "Gaehwiler, Gabriel"]
[Black "Wyss, Jonas"]
[Result "1-0"]
[ECO "A16"]
[WhiteElo "2420"]
[BlackElo "2223"]
[Annotator "TA"]
[PlyCount "95"]
[EventDate "2022.06.28"]
[EventType "swiss"]
[EventCountry "SUI"]
[SourceTitle "playchess.com"]
[Source "ChessBase"]
[SourceQuality "1"]
[TimeControl "40/5400+30:1800+30"]

1. Nf3 Nf6 2. c4 g6 3. Nc3 d5 4. cxd5 Nxd5 5. h4 Bg7 6. h5 {[%emt 0:07:50] A16: English Opening: 1...Nf6 with ...d5.} Nc6 {[%emt 0:14:17] The main line 6...Nc6 scores better than 6...Nxc3.} 7. h6 Bf6 8. Ne4 {[%emt 0:03:16] The position is equal.} e5 9. Nxf6+ Qxf6 10. d3 {[%emt 0:08:57] [#]} Bg4 $146 ({Predecessor:} 10... Qe7 11. Qb3 Nb6 12. Be3 Be6 13. Qc2 Nb4 14. Qd2 f6 15. a3 N4d5 16. Rc1 Nxe3 17. Qxe3 {0-1 (53) Bocharov,I (2557)-Khusenkhojaev,M (2450) Cheliabinsk 2019}) 11. Bg5 Qe6 12. Nd2 (12. Nh2 $15) 12... f6 $17 13. Be3 (13. Bh4 $17) 13... Nxe3 (13... e4 $1 $19 {[%cal Re4d3] ...exd3 is the strong threat.} 14. d4 (14. Nxe4 $2 Nxe3 15. fxe3 f5 $19) 14... O-O-O) 14. fxe3 O-O-O {[%emt 0:03:02] And now ...Rxd3 would win.} 15. Qa4 (15. Qb3 $17) 15... f5 $19 16. Nb3 Qd6 {[%emt 0:03:28][%cal Oe5e4] Against Nc5} 17. Qb5 Qb4+ (17... b6 $19 {aiming for ...Nb4.} 18. Rc1 Ne7) 18. Qxb4 $17 Nxb4 19. Kf2 b6 (19... e4 $142 20. d4 Rd6) 20. Nd2 Rhe8 21. Nc4 (21. a3 $15 Nd5 22. g3) 21... Nd5 (21... b5 $17 22. Na5 e4) 22. g3 $15 Nf6 23. Bg2 e4 24. d4 Bh5 25. Bh3 Ng8 $2 (25... Rf8 $17 {and life is bright.}) 26. Bxf5+ $1 $16 Kb8 (26... gxf5 $16 27. Rxh5 Ne7) 27. Bh3 $1 $18 {[%emt 0:05:32] Black must now prevent g4.} (27. Ne5 Rxe5 28. dxe5 Rf8 $17) 27... Nxh6 28. Ne5 {[%emt 0:00:06] Prevents Bg4.} Rd5 29. g4 (29. Nd7+ $6 Kb7 $16) 29... Rdxe5 30. dxe5 Bxg4 31. Bg2 (31. Rag1 $18 Bh5 32. e6) 31... Bh5 $16 32. Bh3 (32. Bxe4 $16 {Hoping for Bf3.} Ng4+ 33. Kg3) 32... Rxe5 (32... Bg4 $1 $11 {remains equal.}) 33. Rad1 $1 Bg4 {[%emt 0:02:51] [#]} ({Better is} 33... Kb7) 34. Rd8+ (34. Bg2 $1 $16 Bh5 35. Rd8+ Kb7 36. Rd7) 34... Kb7 $14 35. Bg2 Bh5 $2 (35... Nf7 $11 {and Black has nothing to worry.} 36. Rf8 Ng5) 36. Rd7 (36. Rh4 $18) 36... Ng4+ 37. Kg3 Nxe3 38. Kf4 {[%emt 0:00:46] Inhibits Rg5.} Ng4 39. Rc1 ({Wrong is} 39. Bxe4+ $2 {[#]} Rxe4+ $1 40. Kxe4 Nf6+ 41. Kf4 Nxd7 $19) ({Don't take} 39. Rxh7 $6 Rf5+ 40. Kxe4 Rf2 $16) 39... Rf5+ $2 (39... Ka6 {was called for.}) 40. Kxe4 $18 Nf6+ 41. Kd3+ Ka6 42. Rdxc7 Nd5 43. e4 ({Less strong is} 43. Bxd5 Rxd5+ 44. Kc3 Rc5+ 45. Rxc5 bxc5 $18) 43... Nf4+ $2 (43... Nxc7 44. exf5 Ne8) 44. Kd2 {[%emt 0:00:00] Threatens to win with Bf1+.} Re5 45. Bf1+ b5 46. R1c6+ Ka5 47. Rxa7+ Kb4 48. Rc3 {[%emt 0:00:00] A wild game.  Weighted Error Value: White=0.22 (precise) /Black=0.58} 1-0

[Event "121st Swiss Championship 2022"]
[Site "Samnaun-Compatsch"]
[Date "2022.07.07"]
[Round "5.3"]
[White "Collin, Moritz Valentin"]
[Black "Pavlovic, Milos"]
[Result "0-1"]
[ECO "A40"]
[WhiteElo "2129"]
[BlackElo "2461"]
[Annotator "TA"]
[PlyCount "44"]
[EventDate "2022.06.28"]
[EventType "swiss"]
[EventCountry "SUI"]
[SourceTitle "playchess.com"]
[Source "ChessBase"]
[SourceQuality "1"]
[TimeControl "40/5400+30:1800+30"]

1. d4 e6 2. c4 Bb4+ 3. Nc3 c5 4. e3 Nc6 5. Nge2 cxd4 6. exd4 {[%emt 0:00:10] A40: Unusual replies to 1 d4.} d5 7. a3 Bxc3+ 8. Nxc3 {[%emt 0:00:09] The position is equal.} Nge7 9. c5 Nf5 10. Bb5 {[%emt 0:12:44] [#]} Qh4 $146 ({Predecessor:} 10... O-O 11. Bxc6 bxc6 12. O-O Qh4 13. Be3 e5 14. g3 Qh3 15. Ne2 f6 16. Rc1 h5 17. Kh1 Ba6 18. Re1 Bxe2 19. Qxe2 Rae8 20. Qf3 Nh4 {0-1 (20) Deuer,M (2304)-Sarrau,J (2401) Terme Catez 2022}) 11. Ne2 O-O 12. Bxc6 bxc6 13. Qd3 {[%emt 0:03:01] [#]} (13. b4 $17) 13... a5 $1 $19 14. Be3 (14. g3 {might work better.} Qe7 15. Qc2) 14... Ba6 15. Qd2 Bxe2 16. Kxe2 Rfb8 {[%emt 0:00:41][%cal Oe6e5] aiming for ...e5!} 17. Rab1 (17. Bf4 $142) 17... Qg4+ 18. Kf1 Qe4 19. Re1 Rb3 20. h4 Rd3 ({And not} 20... Nxh4 21. f3 Nxf3 22. gxf3 Qxf3+ 23. Kg1 $17) 21. Qc1 Nxd4 {[%emt 0:01:08] [#] Threatens to win with ...Nb3.} 22. Rh3 $2 (22. Bf4 Qf5 23. Be5) 22... Nb3 {[%emt 0:00:23] White got outplayed after the opening.  Weighted Error Value: White=0.48/Black=0.11 (very precise)} 0-1

[Event "121st Swiss Championship 2022"]
[Site "Samnaun-Compatsch"]
[Date "2022.07.07"]
[Round "5.4"]
[White "Barth, Can-Elian"]
[Black "Gschnitzer, Adrian"]
[Result "0-1"]
[ECO "D35"]
[WhiteElo "2040"]
[BlackElo "2433"]
[Annotator "TA"]
[PlyCount "70"]
[EventDate "2022.06.28"]
[EventType "swiss"]
[EventCountry "SUI"]
[SourceTitle "playchess.com"]
[Source "ChessBase"]
[SourceQuality "1"]
[TimeControl "40/5400+30:1800+30"]

1. d4 d5 2. c4 e6 3. Nc3 Nf6 4. cxd5 exd5 5. Bg5 Be7 6. e3 O-O 7. Bd3 Re8 8. Nge2 {[%emt 0:01:04] D35: Queen's Gambit Declined: Exchange Variation.} c6 9. O-O Ne4 10. Bxe7 {[%emt 0:01:15] White is slightly better.} Qxe7 11. Qc2 Bf5 {[%emt 0:01:56] [#]} 12. Rae1 $146 ({Predecessor:} 12. a3 Nd7 13. b4 a6 14. Na4 Bg6 15. Nc5 Nd6 16. a4 a5 17. Nf4 Bxd3 18. Nfxd3 axb4 {½-½ (36) Meribanov,V (2398)-Savitski,A (2185) Minsk 2016}) 12... Bg6 13. f3 Nxc3 14. Nxc3 Qd6 15. Bxg6 hxg6 16. Qf2 Na6 17. e4 Nc7 18. e5 Qb4 19. a3 Qc4 20. f4 Re7 21. Ne2 Qc2 22. Qh4 Rae8 23. Rf3 f5 (23... g5 24. fxg5 Qh7 25. Qg4 $16) (23... f6 $11) 24. Rg3 (24. b4 $14) 24... Re6 (24... Qxb2 $11 25. Rxg6 (25. Rh3 Qd2 $17) 25... Ne6) 25. Qg5 {[%emt 0:04:41] [#]} (25. b4 $14) 25... Qd2 ({Black should try} 25... Nb5 $1 $17 26. a4 Qd2) 26. Kf1 $11 Nb5 $36 {[%emt 0:00:23][%cal Bc7b5,Bb5d6,Bd6e4,Be4g3][%mdl 2080] Black has some pressure.} 27. h4 $2 {[%emt 0:01:32] [#] This move loses the game for White.} (27. Nc3 $15) 27... Nd6 $3 $19 28. h5 Ne4 ({Worse is} 28... Qxb2 29. Nc3 Nf7 30. Qh4 $11) 29. Qh4 Nxg3+ 30. Qxg3 gxh5 31. Qg5 (31. Qb3 $142) 31... Rf8 32. Ng3 (32. b3 {is a better defense.}) 32... Rff6 {[%emt 0:04:32] And now ...Rg6 would win.} 33. Ne4 $2 {[%emt 0:09:18] [#]} (33. Ne2 Rf8 34. b4) 33... fxe4 $1 34. exf6 Rxf6 35. g3 e3 {[%emt 0:00:10] Weighted Error Value: White=0.96/Black=0.18 (very precise)} 0-1

[Event "121st Swiss Championship 2022"]
[Site "Samnaun-Compatsch"]
[Date "2022.07.07"]
[Round "5.5"]
[White "Manko, Mariya"]
[Black "Fecker, Noah"]
[Result "1/2-1/2"]
[ECO "A09"]
[WhiteElo "2014"]
[BlackElo "2387"]
[Annotator "RC"]
[PlyCount "52"]
[EventDate "2022.06.28"]
[EventType "swiss"]
[EventCountry "SUI"]
[SourceTitle "playchess.com"]
[Source "ChessBase"]
[SourceQuality "1"]
[TimeControl "40/5400+30:1800+30"]

1. Nf3 d5 2. c4 e6 3. b3 d4 4. g3 Nf6 5. Bg2 Nc6 6. O-O e5 7. d3 Be7 8. b4 Nxb4 9. Nxe5 O-O 10. Na3 Re8 11. Nc2 Nxc2 12. Qxc2 c5 13. Rb1 Bd6 14. Nf3 h6 15. Re1 Rb8 16. h3 Bd7 17. e3 dxe3 18. Rxe3 Rxe3 19. Bxe3 Bc6 20. Rd1 Qa5 21. Bd2 Qa4 22. Qb3 Re8 23. Bc3 Re2 24. Rd2 Re6 25. Nh4 Qa6 26. Qb2 Bxg2 1/2-1/2

[Event "121st Swiss Championship 2022"]
[Site "Samnaun-Compatsch"]
[Date "2022.07.07"]
[Round "5.6"]
[White "Hakimifard, Ghazal"]
[Black "Schlegel, Igor"]
[Result "0-1"]
[ECO "B90"]
[WhiteElo "2296"]
[BlackElo "2194"]
[Annotator "RC"]
[PlyCount "130"]
[EventDate "2022.06.28"]
[EventType "swiss"]
[EventCountry "SUI"]
[SourceTitle "playchess.com"]
[Source "ChessBase"]
[SourceQuality "1"]
[TimeControl "40/5400+30:1800+30"]

1. e4 c5 2. Nf3 d6 3. d4 cxd4 4. Nxd4 Nf6 5. Nc3 a6 6. h3 g6 7. g4 Bg7 8. Bg2 O-O 9. Be3 Bd7 10. O-O Nc6 11. Nde2 Rc8 12. f4 b5 13. a3 Be6 14. Nd5 Bxd5 15. exd5 Na5 16. b3 Qc7 17. Nd4 Qc3 18. Bf2 Rfe8 19. Re1 Nd7 20. Ra2 Qc7 21. Qd2 Nb7 22. Nc6 Nb8 23. a4 Nxc6 24. dxc6 Nc5 25. axb5 axb5 26. Qb4 Qb6 27. Ra5 Rb8 28. Rd1 Rec8 29. Re1 e6 30. Rd1 Bf8 31. c4 bxc4 32. Qxb6 Rxb6 33. bxc4 Rb4 34. Bxc5 dxc5 35. Ra7 Rxc4 36. c7 Rd4 37. Rxd4 cxd4 38. Bc6 Bd6 39. Kf2 Bxf4 40. Kf3 Bxc7 41. Bd7 Bb6 42. Rb7 Rc7 43. Rxc7 Bxc7 44. Ke4 Bb6 45. g5 Bd8 46. h4 h6 47. h5 gxh5 48. g6 Bf6 49. Be8 fxg6 50. Bxg6 h4 51. Kf4 Kf8 52. Bd3 Ke7 53. Bf1 Kd6 54. Ke4 e5 55. Bh3 Bg5 56. Kd3 Kd5 57. Bg2+ Ke6 58. Bh3+ Kf6 59. Ke4 Bf4 60. Bd7 Kg5 61. Bc8 h3 62. Bxh3 Kh4 63. Be6 h5 64. Bf7 Kg4 65. Be6+ Kg3 0-1

[Event "121st Swiss Championship 2022"]
[Site "Samnaun-Compatsch"]
[Date "2022.07.07"]
[Round "5.7"]
[White "Rohrer, Christophe"]
[Black "Angst, Oliver"]
[Result "1-0"]
[ECO "B94"]
[WhiteElo "2246"]
[BlackElo "2203"]
[Annotator "RC"]
[PlyCount "59"]
[EventDate "2022.06.28"]
[EventType "swiss"]
[EventCountry "SUI"]
[SourceTitle "playchess.com"]
[Source "ChessBase"]
[SourceQuality "1"]
[TimeControl "40/5400+30:1800+30"]

1. e4 c5 2. Nf3 d6 3. d4 cxd4 4. Nxd4 Nf6 5. Nc3 a6 6. Bg5 Nbd7 7. f4 Qc7 8. Qf3 b5 9. O-O-O Bb7 10. Bd3 Qb6 11. Nb3 g6 12. Bh4 Bg7 13. g4 b4 14. Nd5 Bxd5 15. exd5 Nc5 16. Nxc5 Qxc5 17. Bf2 Qa5 18. Bc4 Rc8 19. Bb3 O-O 20. h4 Rc7 21. h5 Rfc8 22. Rd2 Rc4 23. hxg6 Ne4 24. gxf7+ Kf8 25. Bd4 Bxd4 26. Rxd4 Rxd4 27. Qh3 Rc3 28. Qxh7 Nf6 29. Qg6 Rd1+ 30. Kxd1 1-0

[Event "121st Swiss Championship 2022"]
[Site "Samnaun-Compatsch"]
[Date "2022.07.07"]
[Round "5.8"]
[White "Pogan, Nikolas"]
[Black "Gemelli, Romain"]
[Result "1-0"]
[ECO "A05"]
[WhiteElo "2226"]
[BlackElo "2045"]
[Annotator "RC"]
[PlyCount "59"]
[EventDate "2022.06.28"]
[EventType "swiss"]
[EventCountry "SUI"]
[SourceTitle "playchess.com"]
[Source "ChessBase"]
[SourceQuality "1"]
[TimeControl "40/5400+30:1800+30"]

1. Nf3 Nf6 2. g3 g6 3. Bg2 Bg7 4. O-O O-O 5. a3 d6 6. d3 e5 7. Nc3 c6 8. Bd2 h6 9. h3 a5 10. e4 Na6 11. Nh2 Bd7 12. Ng4 Nxg4 13. hxg4 Qc8 14. Na4 Qd8 15. Be3 b5 16. Nb6 Rb8 17. Nxd7 Qxd7 18. Bf3 Nc7 19. Qd2 Ne6 20. Qxa5 c5 21. Qd2 g5 22. c3 Rfc8 23. Bd1 d5 24. exd5 Qxd5 25. Qe2 c4 26. Bc2 Bf8 27. Rad1 Bc5 28. dxc4 Qxc4 29. Bd3 Qa4 30. Bc1 1-0

[Event "121st Swiss Championship 2022"]
[Site "Samnaun-Compatsch"]
[Date "2022.07.07"]
[Round "5.9"]
[White "Buehler, Michael"]
[Black "Georgescu, Lena"]
[Result "1/2-1/2"]
[ECO "D31"]
[WhiteElo "2064"]
[BlackElo "2279"]
[Annotator "RC"]
[PlyCount "128"]
[EventDate "2022.06.28"]
[EventType "swiss"]
[EventCountry "SUI"]
[SourceTitle "playchess.com"]
[Source "ChessBase"]
[SourceQuality "1"]
[TimeControl "40/5400+30:1800+30"]

1. d4 d5 2. c4 e6 3. Nc3 a6 4. cxd5 exd5 5. Nf3 c6 6. Bf4 Bd6 7. Bxd6 Qxd6 8. e3 Ne7 9. Bd3 O-O 10. Qc2 g6 11. h4 h5 12. O-O-O Nd7 13. Qd2 Nf6 14. Ng5 c5 15. dxc5 Qxc5 16. Kb1 Bd7 17. Nf3 b5 18. e4 Kg7 19. Nxd5 Nexd5 20. exd5 Qxd5 21. Qf4 Be6 22. b3 Qc5 23. Qd4 Qxd4 24. Nxd4 Bd5 25. f3 Rad8 26. Ne2 Bb7 27. Bc2 Rfe8 28. Nf4 Nd5 29. Nxd5 Bxd5 30. Rhe1 Rxe1 31. Rxe1 Kf6 32. Kb2 Bc6 33. Kc3 Rc8 34. Kd2 a5 35. Be4 Rd8+ 36. Ke3 Bxe4 37. fxe4 Rc8 38. Rf1+ Ke6 39. Rf2 b4 40. Rd2 Rc5 41. Kd4 Rc1 42. Ke3 Ra1 43. Rc2 Re1+ 44. Kf4 Rg1 45. Rc6+ Ke7 46. Rc2 Rh1 47. Rc5 Rxh4+ 48. Kf3 Rh1 49. Rxa5 Rf1+ 50. Ke3 Rg1 51. Kf3 Ra1 52. Rb5 Rxa2 53. Rxb4 Rb2 54. Rb6 g5 55. g3 Rc2 56. Rh6 Rc3+ 57. Kf2 Rxb3 58. Rxh5 Kf6 59. Rh8 Ke5 60. Re8+ Kd4 61. Re7 f6 62. Re6 Ra3 63. g4 Ra2+ 64. Kf3 Ra3+ 1/2-1/2

[Event "121st Swiss Championship 2022"]
[Site "Samnaun-Compatsch"]
[Date "2022.07.07"]
[Round "5.10"]
[White "Loeffler, Markus"]
[Black "Carre, Sylvain"]
[Result "1-0"]
[ECO "C42"]
[WhiteElo "2278"]
[BlackElo "2113"]
[Annotator "RC"]
[PlyCount "79"]
[EventDate "2022.06.28"]
[EventType "swiss"]
[EventCountry "SUI"]
[SourceTitle "playchess.com"]
[Source "ChessBase"]
[SourceQuality "1"]
[TimeControl "40/5400+30:1800+30"]

1. e4 e5 2. Nf3 Nf6 3. Nxe5 d6 4. Nf3 Nxe4 5. Nc3 Nxc3 6. dxc3 Be7 7. Be3 Nc6 8. Qd2 Be6 9. O-O-O Qd7 10. Kb1 a6 11. h3 h6 12. b3 Bf6 13. g4 O-O-O 14. Bg2 g5 15. Nd4 Nxd4 16. cxd4 d5 17. f4 gxf4 18. Bxf4 h5 19. g5 Be7 20. Rde1 Bd6 21. h4 Qb5 22. Bxd6 Rxd6 23. Rhf1 Qd7 24. Qf4 a5 25. a4 Rb6 26. Ka2 Rd8 27. Qd2 Rb4 28. Qc3 Kb8 29. Rf6 Bf5 30. Re5 Bxc2 31. Qxc2 Rxd4 32. Qf2 Qg4 33. Bf3 Qxh4 34. Qxh4 Rxh4 35. Rxf7 Rh2+ 36. Ka3 Rg8 37. Rxd5 h4 38. Rb5 b6 39. Rbf5 Rd2 40. g6 1-0

[Event "121st Swiss Championship 2022"]
[Site "Samnaun-Compatsch"]
[Date "2022.07.07"]
[Round "5.11"]
[White "Sedina, Yelena"]
[Black "Udipi, Kala Kishan"]
[Result "1/2-1/2"]
[ECO "B54"]
[WhiteElo "2215"]
[BlackElo "2057"]
[Annotator "RC"]
[PlyCount "83"]
[EventDate "2022.06.28"]
[EventType "swiss"]
[EventCountry "SUI"]
[SourceTitle "playchess.com"]
[Source "ChessBase"]
[SourceQuality "1"]
[TimeControl "40/5400+30:1800+30"]

1. e4 c5 2. Nf3 e6 3. c4 Nc6 4. d4 cxd4 5. Nxd4 a6 6. Nc3 d6 7. Be3 Nf6 8. Be2 Be7 9. O-O O-O 10. f4 Qc7 11. Rc1 Rb8 12. Kh1 Rd8 13. Nd5 Qd7 14. Nxe7+ Qxe7 15. Qc2 Nxd4 16. Bxd4 e5 17. Bb6 Re8 18. f5 Bd7 19. b4 Bc6 20. Bf3 Nd7 21. Be3 b6 22. Rfd1 Red8 23. Qd2 Nf8 24. Bg5 f6 25. Be3 Qb7 26. Qc2 Kh8 27. a4 Rbc8 28. Ra1 b5 29. axb5 Bxb5 30. Be2 Bc6 31. Bd3 d5 32. cxd5 Bxd5 33. Bc5 Bc6 34. Bxa6 Bxe4 35. Qe2 Bxg2+ 36. Kg1 Bf3 37. Bxb7 Bxe2 38. Bxc8 Bxd1 39. Ba6 Bc2 40. Rf1 Nd7 41. Be3 e4 42. Rc1 1/2-1/2